 Dungeon Crawl Stone Soup version 0.30.0-19-g36f170ea60 (webtiles) character file.

Game seed: 10290751888368332913

7261 Du3lingdragon the Fighter (level 11, -23/101 (103) HPs)
             Began as a Hill Orc Cinder Acolyte on May 27, 2023.
             Was an Elder of Ignis.
             Annihilated by a bunyip (shapeshifter) (29 damage)
             ... on level 8 of the Dungeon.
             The game lasted 00:29:13 (9448 turns).

Du3lingdragon the Fighter (Hill Orc Cinder Acolyte) Turns: 9448, Time: 00:29:14

HP:   -23/101 (103) AC: 12    Str: 20    XL:     11   Next: 12%
MP:   0/16          EV: 17    Int: 16    God:    Ignis [****..]
Gold: 475           SH:  0    Dex:  6    Spells: 15/17 levels left

rFire   + + .        z - +0 war axe (flame)
rCold   x . .        (no shield)
rNeg    . . .        v - +0 steam dragon scales
rPois   +            (no helmet)
rElec   .            p - +2 cloak {rPois}
rCorr   .            (no gloves)
SInv    .            C - +0 pair of boots
Will    .....        x - amulet of regeneration
Stlth   +            j - ring of fire
HPRegen 1.16/turn    G - +5 ring of evasion
MPRegen 0.15/turn

%: no passive effects
@: lightly drained
A: no striking features
a: Renounce Religion, Fiery Armour, Foxfire Swarm, Rising Flame


You were on level 8 of the Dungeon.
You worshipped Ignis.
Ignis was greatly pleased with you.
You visited 2 branches of the dungeon, and saw 10 of its levels.
You also visited: Ossuary.

You collected 475 gold pieces.

Inventory:

Hand Weapons
 a - a -1 spear of flaming
 z - a +0 war axe of flaming (weapon)
 D - a +1 halberd
Armour
 p - a +2 cloak of poison resistance (worn)
 v - +0 steam dragon scales (worn)
 C - a +0 pair of boots (worn)
Jewellery
 g - a ring of resist corrosion
 j - a ring of fire (left hand)
 s - a ring of protection from fire
 x - an amulet of regeneration (around neck)
 F - a ring of flight
 G - a +5 ring of evasion (right hand)
Wands
 h - a wand of polymorph (3)
 y - a wand of flame (35)
 A - a wand of acid (15)
 B - a wand of mindburst (13)
 H - a wand of charming (9)
Scrolls
 c - 2 scrolls of amnesia
 d - a scroll of teleportation
 e - a scroll of vulnerability {unknown}
 f - 3 scrolls of poison
 k - a scroll of identify
 n - 3 scrolls of immolation
 r - a scroll of magic mapping
Potions
 b - a potion of invisibility {unknown}
 i - 3 potions of flight
 l - 4 potions of brilliance
 m - 2 potions of mutation
 o - 2 potions of lignification {unknown}
 q - 2 potions of curing
 u - a potion of attraction {unknown}
 E - a potion of cancellation {unknown}
 J - a potion of resistance {unknown}
 L - 2 potions of haste {unknown}
 M - 2 potions of magic {unknown}


   Skills:
 + Level 11.6 Fighting
 - Level 1.7(6.0) Axes
 + Level 7.6(7.7) Polearms
 + Level 9.9 Armour
 - Level 3.0 Dodging
 * Level 3.9 Spellcasting
 - Level 7.0 Fire Magic


You had 15 spell levels left.
You knew the following spells:

 Your Spells              Type           Power      Damage    Failure   Level
a - Scorch                Fire           76%        2d8       1%          2

Your spell library contained the following spells:

 Spells                   Type           Power      Damage    Failure   Level
 Apportation              Tloc           6%         N/A       17%         1
 Necrotise                Necr           12%        1d4       17%         1
 Ensorcelled Hibernation  Hex/Ice        6%         N/A       26%         2
 Passwall                 Tmut/Erth      2%         N/A       26%         2
 Sublimation of Blood     Necr           3%         N/A       26%         2
 Ozocubu's Armour         Ice            3%         N/A       45%         3
 Swiftness                Air            3%         N/A       45%         3
 Vampiric Draining        Necr           3%         2d6       45%         3
 Manifold Assault         Tloc           3%         N/A       86%         4
 Petrify                  Tmut/Erth      3%         N/A       86%         4
 Agony                    Necr           3%         N/A       99%         5
 Alistair's Intoxication  Tmut/Pois      2%         N/A       99%         5
 Irradiate                Conj/Tmut      1%         3d12      99%         5
 Conjure Ball Lightning   Conj/Air       1%         3x3d6     100%        6
 Dispersal                Tloc           1%         N/A       100%        6
 Ozocubu's Refrigeration  Ice            1%         4d7       100%        7
 Borgnjor's Revivificati  Necr           1%         N/A       100%        8
 Discord                  Hex            1%         N/A       100%        8
 Disjunction              Tloc           1%         N/A       100%        8
 Necromutation            Tmut/Necr      1%         N/A       100%        8
 Death's Door             Necr           1%         N/A       100%        9


Dungeon Overview and Level Annotations

Branches:
Dungeon (9/15)             Temple (1/1) D:7         Ossuary (visited)
   Lair: D:8-11         Orc: D:9-12

Altars:
Cheibriados
Elyvilon
Hepliaklqana
Kikubaaqudgha
Makhleb
Nemelex Xobeh
Okawaru
Qazlal
Uskayaw
Vehumet
Wu Jian
Xom
Yredelemnul
Zin
The Shining One


Message History

Casting: Scorch (safe; 1% risk of failure)
Confirm with . or Enter, or press ? or * to list all spells.
You feel a surge of power!
Flames lash the bunyip.
The bunyip is burned terribly!
The bunyip is moderately wounded.
The bunyip closely misses you. The bunyip claws you!! The bunyip misses you.
Aiming: Throw Flame
Press: ? - help, Shift-Dir - straight line, f/p - bunyip
Aim: a bunyip (moderately wounded, more vulnerable to fire, 68% to hit)
The puff of flame hits the bunyip!
The bunyip is burned terribly!
The bunyip is moderately wounded.
Aiming: Corrosive Bolt
Press: ? - help, Shift-Dir - straight line, f/p - bunyip
Aim: a bunyip (moderately wounded, more vulnerable to fire, 71% to hit)
The bolt of acid hits the bunyip!
The bunyip is heavily wounded.
Aiming: Corrosive Bolt
Press: ? - help, Shift-Dir - straight line, f/p - bunyip
Aim: a bunyip (heavily wounded, more vulnerable to fire, 71% to hit)
The bolt of acid hits the bunyip!
The bunyip is severely wounded.
The bunyip claws you! The bunyip claws you!!
* * * LOW HITPOINT WARNING * * *
The bunyip claws you!!
* * * LOW HITPOINT WARNING * * *
Okay, then.
Okay, then.
You feel better.
You feel better.
Casting: Scorch (safe; 1% risk of failure)
Confirm with . or Enter, or press ? or * to list all spells.
You feel a surge of power!
Flames lash the bunyip but do no damage.
The bunyip is no longer more vulnerable to fire.
The bunyip claws you!!
* * * LOW HITPOINT WARNING * * *
The bunyip claws you.
* * * LOW HITPOINT WARNING * * *
The bunyip claws you!!
You die...

***,,,*.(...........#......##.#
**,+#+#+#.........#......##..
*,,..............#......###.
*,,,.....#'##....#......# #.
*,,,.....#.##....#......####
*,,,....##.##....#......#...
*,,,,..,+..##....########.#.
*****,,,,,,,##.x.........,,*#.#.
*,,,,,,,,,,,*#)@)........,,*#.#.
*,,,,,,,,,,,*#...........,,*#.#.
*,,,,,,**,,,*#<...#########*#.#.
*,,,,,,**,,,*#....##......###...
*,,,,,,**,,,*#....##............
*,,,,,,**,,,*#....##............
*,,,,,,**,,,*#....##..........##
*,,,,,,**,,,*#....#######.....##
*,,,,,,**,,,*#....# #.....'.


You could see a bunyip.

Vanquished Creatures
  A boulder beetle (D:7)
  A deep elf pyromancer (D:7)
  An ugly thing (D:7)
  A gargoyle (D:8)
  A komodo dragon (D:7)
  A hornet (D:8)
  The ghost of suzumiya the Cudgeller, an amateur HuFi (D:3)
  A wyvern (D:8)
  6 yaks (D:8)
  3 steam dragons (D:8)
  Edmund (D:5)
  A water moccasin (D:5)
  Duvessa (D:7)
  2 black bears (D:7)
  3 sky beasts
  2 ogres (D:5)
  A centaur (D:8)
  4 kobold brigands
  Blork the orc (D:6)
  4 bullfrogs
  2 scorpions
  4 wights (D:8)
  Dowan (D:7)
  A centaur zombie (Ossuary)
  4 human zombies
  4 orc priests
  Crazy Yiuf (D:7)
  A hound (D:7)
  A jelly (D:6)
  2 human skeletons (D:8)
  4 iguanas
  An orc wizard (D:5)
  4 mummies (Ossuary)
  11 adders
  3 gnolls (D:6)
  A shadow imp (D:6)
  A white imp (D:8)
  5 worms
  2 dart slugs
  15 orcs
  5 bats
  9 endoplasms
  3 giant cockroaches
  10 goblins
  5 hobgoblins
  5 jackals
  31 kobolds
  6 quokkas
  7 ball pythons
  2 frilled lizards
  A goblin zombie (Ossuary)
  2 hobgoblin zombies (Ossuary)
  An orc skeleton (D:8)
  3 orc zombies
  A rat (D:1)
196 creatures vanquished.

Vanquished Creatures (collateral kills)
  A boulder beetle (D:8)
  A kobold brigand (D:8)
  2 kobolds (D:8)
4 creatures vanquished.

Vanquished Creatures (others)
  2 ball pythons (D:3)
  A goblin (D:3)
  A kobold (D:3)
  28 foxfires (D:7)
32 creatures vanquished.

Grand Total: 232 creatures vanquished

Notes
Turn   | Place    | Note
-------+----------+-------------------------------------------
     0 | D:1      | Du3lingdragon the Hill Orc Cinder Acolyte began the quest
                  | for the Orb.
     0 | D:1      | Reached XP level 1. HP: 19/19 MP: 2/2
   354 | D:1      | Reached XP level 2. HP: 27/27 MP: 3/3
   358 | D:1      | Learned a level 2 spell: Scorch
   438 | D:1      | Reached skill level 1 in Armour
   580 | D:1      | Reached skill level 4 in Fighting
   590 | D:1      | Found a faded altar of an unknown god.
   643 | D:1      | Reached XP level 3. HP: 31/33 MP: 4/4
   888 | D:2      | You fall into a shaft and drop 2 floors!
   914 | D:4      | Reached XP level 4. HP: 38/40 MP: 5/5
   964 | D:4      | Found a radiant altar of Vehumet.
  1045 | D:2      | Found a glowing golden altar of the Shining One.
  1659 | D:3      | Found a shimmering altar of Xom.
  1679 | D:3      | Reached XP level 5. HP: 47/47 MP: 6/6
  1834 | D:3      | Found a runed translucent gate.
  1834 | D:3      | Found a runed translucent gate.
  1834 | D:3      | Found a runed translucent gate.
  1834 | D:3      | Noticed suzumiya's ghost (amateur HuFi)
  1835 | D:3      | Noticed a kobold brigand
  1877 | D:3      | Reached skill level 5 in Polearms
  2847 | D:4      | Found a glowing silver altar of Zin.
  2847 | D:4      | Found a white marble altar of Elyvilon.
  2847 | D:4      | Found a glowing golden altar of the Shining One.
  2954 | D:4      | Found a sparkling altar of Nemelex Xobeh.
  3182 | D:4      | Found a hazy altar of Hepliaklqana.
  3185 | D:4      | Found a basalt altar of Yredelemnul.
  3197 | D:4      | Reached XP level 6. HP: 55/55 MP: 7/7
  3198 | D:4      | Found an ornate altar of the Wu Jian Council.
  3282 | D:5      | Entered Level 5 of the Dungeon
  3369 | D:5      | Noticed a water moccasin
  3392 | D:5      | Killed a water moccasin
  3393 | D:5      | Reached skill level 5 in Fighting
  3596 | D:5      | Reached XP level 7. HP: 25/61 MP: 0/9
  4047 | D:5      | Noticed Edmund
  4061 | D:5      | Killed Edmund
  4186 | D:5      | Reached skill level 6 in Fighting
  4226 | D:5      | Reached XP level 8. HP: 65/70 MP: 1/11
  4344 | D:5      | Found a snail-covered altar of Cheibriados.
  4512 | D:5      | Found a hide-covered altar of Uskayaw.
  4663 | D:6      | Reached skill level 5 in Fire Magic
  4958 | D:6      | Noticed Blork the orc
  4961 | D:6      | Found an ancient bone altar of Kikubaaqudgha.
  4965 | D:6      | Killed Blork the orc
  5338 | D:6      | Found an iron altar of Okawaru.
  5537 | D:7      | Found a stormy altar of Qazlal.
  6001 | D:7      | Noticed a komodo dragon
  6021 | D:6      | Reached skill level 5 in Armour
  6116 | D:7      | Killed a komodo dragon
  6117 | D:7      | Reached skill level 7 in Fighting
  6117 | D:7      | Reached XP level 9. HP: 28/79 MP: 1/13
  6370 | D:7      | Noticed Duvessa
  6376 | D:7      | Noticed Dowan
  6539 | D:7      | Killed Dowan
  6553 | D:7      | Killed Duvessa
  6675 | D:7      | Found a burning altar of Makhleb.
  6778 | D:7      | Found a staircase to the Ecumenical Temple.
  6880 | D:7      | Reached skill level 1 in Axes
  6880 | D:7      | Reached skill level 1 in Dodging
  7078 | D:7      | Noticed a deep elf pyromancer
  7083 | D:7      | Killed a deep elf pyromancer
  7084 | D:7      | Reached skill level 8 in Fighting
  7207 | D:7      | Found a runed translucent door.
  7208 | D:7      | Noticed Crazy Yiuf
  7213 | D:7      | Killed Crazy Yiuf
  7337 | D:8      | Reached skill level 9 in Fighting
  7353 | D:8      | Reached XP level 10. HP: 91/91 MP: 9/14
  7420 | D:8      | Reached skill level 10 in Fighting
  7434 | D:8      | Found a sand-covered staircase.
  7440 | Ossuary  | Entered an ossuary
  8069 | D:8      | Noticed a boulder beetle
  8079 | D:8      | Killed a boulder beetle
  8293 | D:8      | Reached skill level 11 in Fighting
  8387 | D:8      | Noticed a boulder beetle
  8387 | D:8      | Noticed a catoblepas
  8387 | D:8      | Identified the staff of air "Nuur" {rElec rN+ Str+3}
  8387 | D:8      | Noticed a gargoyle
  8569 | Temple   | Entered the Ecumenical Temple
  8588 | D:8      | Killed a gargoyle
  8690 | D:8      | Noticed a cyan ugly thing
  8766 | D:7      | Killed a boulder beetle
  8767 | D:7      | Reached XP level 11. HP: 56/102 MP: 2/16
  9069 | D:3      | Killed suzumiya's ghost
  9272 | D:8      | Noticed a satyr
  9280 | D:7      | Killed a cyan ugly thing
  9391 | D:8      | Noticed a goliath frog
  9438 | D:8      | Noticed a bunyip
  9445 | D:8      | HP: 4/101 [bunyip (shapeshifter) (23)]
  9448 | D:8      | Annihilated by a bunyip (shapeshifter)

Illustrated notes

Levels and vault maps discovered:
D:1:      erik_arrival_triangle_small, layout_loops_cross,
          shapermc_ecumenical_altar_mp_urbaneastern
D:2:      layout_rooms, basic_altar, chequers_serial_rivers_small_3,
          kennysheep_generic_room_5
D:3:      layout_rooms, xom_confusion_cloud, gammafunk_ghost_nasty_kobolds,
          kennysheep_decorative_pillar, kennysheep_cross_bottleneck
D:4:      layout_layer_cave, good_gods_mini_temple,
          nemelex_diamond_rough_becter, nicolae_vehumet_altar_sigil,
          minmay_overflow_temple_star_quad, minmay_gold_behind_fungi,
          kennysheep_nondescript, amethyst_killhole
D:5:      layout_basic, general_overflow_altar, kennysheep_slug_shrine,
          uniq_edmund
D:6:      layout_rooms, lemuel_crystal_altar, kennysheep_okawaru_gauntlet,
          minivault_26, uniq_blork_the_orc
D:7:      layout_cave_pools, nicolae_qazlal_beasts_of_the_sky, bloody_makhleb,
          minmay_temple_entry_from_below_b, grunt_ministairs_2,
          guppyfry_early_elven_hall, uniq_duvessa, uniq_crazy_yiuf_cottage
D:8:      minmay_the_grid_triangle_9x9_recursive_2
          [minmay_the_grid_triangle_9x9_prize_center,
          minmay_the_grid_triangle_9x9_limited_checkers,
          minmay_the_grid_triangle_9x9_steps,
          minmay_the_grid_triangle_9x9_empty], layout_basic,
          nicolae_ossuary_entry_catacombs, nicolae_benzene_ring
D:9:      gammafunk_jiyva_shrine, layout_grid_maze,
          nicolae_ru_sacrificial_ziggurat, grunt_ashenzari_visionary
          [grunt_ashenzari_visionary_shoals, grunt_ashenzari_visionary_spider],
          lightli_temple_of_fire, lemuel_blue_sif_altar,
          minmay_orc_entry_guard_dogs, serial_rivers,
          chequers_serial_rivers_micro_e, chequers_serial_rivers_micro_e,
          chequers_serial_rivers_small_a, chequers_serial_rivers_small_3,
          minmay_misc_feat_pillars, uniq_pikel
Temple:   ebering_the_none_and_only

Skill      XL: |  1  2  3  4  5  6  7  8  9 10 11 |
---------------+----------------------------------+-----
Armour         | 1 2 3 4 5 7 9 |  9.9
Fighting       | 4 5 6 7 9 11 | 11.6
Polearms       | 4 5 6 7 |  7.6
Fire Magic     | 4 6 7 |  7.0
Spellcasting   | 2 3 |  3.9
Axes           | 1 |  1.7
Dodging        | 3 |  3.0

Action                     |  1- 3 |  4- 6 |  7- 9 | 10-12 || total
---------------------------+-------+-------+-------+-------++-------
  Melee: Spear             |   113 |   232 |    30 |       ||   375
         Punch             |     1 |     1 |     5 |     3 ||    10
         War axe           |       |       |   146 |   213 ||   359
         Halberd           |       |       |    11 |       ||    11
   Cast: Scorch            |       |    15 |    58 |    54 ||   127
 Invoke: Fiery Armour      |       |       |     1 |       ||     1
         Foxfire Swarm     |       |       |       |     2 ||     2
  Evoke: Wand              |       |       |       |     4 ||     4
    Use: Scroll            |       |     2 |     9 |     7 ||    18
         Potion            |       |     2 |       |     7 ||     9
 Armour: Robe              |     4 |       |       |       ||     4
         Ring mail         |    21 |    67 |    97 |    50 ||   235
         Scale mail        |       |       |       |     8 ||     8
         Steam dragon scal |       |       |       |    18 ||    18
  Dodge: Dodged            |    51 |    94 |   133 |   183 ||   461
